[ AOE2 MATCH · #495807185 ]
UnrankedIncas vs Spanish
Player's team · LOSS
Rival team · WIN
[ REPLAY ANALYSIS · EXTRACTED FROM THE RECORDED GAME ]
Feudal
13:10
Castle
17:41
Imperial
33:37
| APM avg | 33.1 |
| APM peak | 75 |
| eAPM avg | 21.5 |
| Villagers / military | 157 / 370 |
Focus
⚔️ 41.4% · 🌾 58.6%
Skirmisher ×113 · Kamayuk ×99 · Spearman ×75 · Petard ×67 · Unknown (2550) ×25 · Trebuchet (Packed) ×7
Feudal
11:03
Castle
14:34
Imperial
30:18
| APM avg | 49.6 |
| APM peak | 95 |
| eAPM avg | 26.2 |
| Villagers / military | 148 / 241 |
Focus
⚔️ 35.5% · 🌾 64.5%
Skirmisher ×92 · Knight ×85 · Conquistador ×37 · Bombard Cannon ×10 · Archer ×5 · Missionary ×5
Match map
Initial resources + every placement click. Lines = walls · curves = elevation contours. ◆ gold · ⬟ stone · ● berries · ✦ relic · ◌ wall gap
Your base· ✓ Closed at 17:41 · 0t walls · 2 gate(s)
Noob's base· ✓ Closed at 14:34 · 0t walls · 2 gate(s)
Smoothed initial terrain · ◌ = detected wall gap · hover for details
Inputs per minute
— Henry The Lucky! - - Noob
Build order — Henry The Lucky!
First 150 of 494 actions detected
| 0:01 | Research | Loom |
| 0:01 | Research | Loom |
| 0:03 | Build | House |
| 0:10 | Queue | Villager (Male) |
| 0:10 | Queue | Villager (Male) |
| 0:17 | Queue | Villager (Male) |
| 0:18 | Queue | Villager (Male) |
| 1:24 | Queue | Villager (Male) |
| 2:29 | Queue | Villager (Male) |
| 3:00 | Queue | Villager (Male) |
| 3:06 | Build | Settlement |
| 3:09 | Queue | Villager (Male) |
| 3:24 | Queue | Villager (Male) |
| 3:41 | Queue | Villager (Male) |
| 4:07 | Queue | Villager (Male) |
| 4:33 | Queue | Villager (Male) |
| 4:42 | Queue | Villager (Male) |
| 5:13 | Queue | Villager (Male) |
| 5:22 | Queue | Villager (Male) |
| 5:44 | Queue | Villager (Male) |
| 6:20 | Queue | Villager (Male) |
| 6:34 | Queue | Villager (Male) |
| 7:08 | Queue | Villager (Male) |
| 7:27 | Build | Farm |
| 7:29 | Build | Farm |
| 7:32 | Build | Farm |
| 7:35 | Queue | Villager (Male) |
| 7:35 | Queue | Villager (Male) |
| 7:55 | Queue | Villager (Male) |
| 8:00 | Build | Farm |
| 8:04 | Build | Farm |
| 8:33 | Queue | Villager (Male) |
| 8:54 | Queue | Villager (Male) |
| 9:02 | Build | Farm |
| 9:23 | Build | House |
| 9:28 | Build | Barracks |
| 10:05 | Queue | Villager (Male) |
| 10:09 | Build | House |
| 10:33 | Queue | Villager (Male) |
| 10:35 | Build | Farm |
| 10:44 | Research | Feudal Age |
| 10:46 | Queue | Unit 2550 |
| 11:00 | Build | Barracks |
| 11:05 | Queue | Unit 2550 |
| 11:58 | Build | Settlement |
| 12:18 | Queue | Villager (Male) |
| 12:18 | Queue | Villager (Male) |
| 12:39 | Build | Farm |
| 12:41 | Build | Farm |
| 12:45 | Queue | Villager (Male) |
| 13:10 | Age | Feudal Age |
| 13:13 | Research | Double-Bit Axe |
| 13:45 | Build | Archery Range |
| 13:56 | Queue | Villager (Male) |
| 14:20 | Build | Blacksmith |
| 15:01 | Research | Castle Age |
| 15:01 | Research | Castle Age |
| 15:06 | Research | Tech 1402 |
| 15:07 | Build | Farm |
| 15:45 | Queue | Unit 2550 |
| 15:46 | Queue | Skirmisher |
| 15:54 | Queue | Unit 2550 |
| 15:55 | Queue | Unit 2550 |
| 16:17 | Queue | Skirmisher |
| 16:29 | Queue | Unit 2550 |
| 16:30 | Queue | Unit 2550 |
| 16:49 | Queue | Skirmisher |
| 17:05 | Queue | Villager (Male) |
| 17:23 | Research | Town Watch |
| 17:41 | Age | Castle Age |
| 17:53 | Build | University |
| 17:55 | Research | Elite Skirmisher (upgrade) |
| 17:58 | Research | Fletching |
| 18:12 | Build | Watch Tower |
| 18:20 | Build | House |
| 18:26 | Build | Palisade Wall |
| 18:30 | Research | Bow Saw |
| 19:02 | Queue | Skirmisher |
| 19:05 | Queue | Villager (Male) |
| 19:24 | Queue | Skirmisher |
| 19:31 | Queue | Villager (Male) |
| 19:37 | Build | Farm |
| 19:43 | Build | Farm |
| 19:47 | Queue | Skirmisher |
| 19:59 | Queue | Villager (Male) |
| 20:14 | Queue | Skirmisher |
| 20:19 | Queue | Villager (Male) |
| 20:22 | Build | Farm |
| 20:24 | Build | Farm |
| 20:29 | Queue | Skirmisher |
| 20:49 | Queue | Villager (Male) |
| 20:53 | Queue | Skirmisher |
| 21:16 | Queue | Villager (Male) |
| 21:19 | Build | Farm |
| 21:25 | Queue | Skirmisher |
| 21:26 | Research | Bodkin Arrow |
| 21:40 | Queue | Villager (Male) |
| 21:55 | Build | Watch Tower |
| 22:02 | Queue | Villager (Male) |
| 22:07 | Queue | Skirmisher |
| 22:20 | Research | Ballistics |
| 22:22 | Research | Padded Archer Armor |
| 22:34 | Queue | Villager (Male) |
| 22:48 | Queue | Villager (Male) |
| 22:58 | Build | Farm |
| 23:01 | Build | Farm |
| 23:14 | Research | Leather Archer Armor |
| 23:24 | Build | Town Center |
| 23:26 | Queue | Villager (Male) |
| 23:42 | Queue | Villager (Male) |
| 24:08 | Queue | Villager (Male) |
| 24:18 | Queue | Villager (Male) |
| 25:00 | Queue | Villager (Male) |
| 25:02 | Queue | Villager (Male) |
| 25:11 | Build | Town Center |
| 25:13 | Research | Wheelbarrow |
| 25:47 | Queue | Villager (Male) |
| 25:50 | Queue | Villager (Male) |
| 25:53 | Build | Farm |
| 25:57 | Build | Farm |
| 26:04 | Build | Farm |
| 26:08 | Build | Farm |
| 26:10 | Queue | Villager (Male) |
| 26:11 | Queue | Villager (Male) |
| 26:51 | Research | Hand Cart |
| 26:51 | Queue | Villager (Male) |
| 26:52 | Queue | Villager (Male) |
| 27:01 | Queue | Villager (Male) |
| 27:03 | Queue | Villager (Male) |
| 27:03 | Queue | Villager (Male) |
| 27:13 | Research | Horse Collar |
| 27:18 | Build | Farm |
| 27:24 | Build | Outpost |
| 27:26 | Build | Outpost |
| 27:29 | Build | Outpost |
| 27:36 | Queue | Villager (Male) |
| 27:42 | Queue | Villager (Male) |
| 27:42 | Queue | Villager (Male) |
| 27:54 | Queue | Villager (Male) |
| 27:54 | Queue | Villager (Male) |
| 27:56 | Queue | Villager (Male) |
| 28:07 | Build | Farm |
| 28:14 | Queue | Villager (Male) |
| 28:14 | Queue | Villager (Male) |
| 28:17 | Build | Monastery |
| 29:04 | Queue | Villager (Male) |
| 29:05 | Queue | Villager (Male) |
| 29:06 | Queue | Villager (Male) |
| 29:11 | Build | House |
| 29:11 | Queue | Monk |
Build order — Noob
First 150 of 479 actions detected
| 0:00 | Queue | Villager (Male) ×4 |
| 0:03 | Build | House |
| 0:04 | Build | House |
| 1:29 | Queue | Villager (Male) |
| 1:32 | Build | Lumber Camp |
| 2:00 | Queue | Villager (Male) |
| 2:22 | Queue | Villager (Male) |
| 2:35 | Build | House |
| 2:45 | Queue | Villager (Male) |
| 3:17 | Queue | Villager (Male) |
| 3:34 | Build | Mill |
| 3:40 | Queue | Villager (Male) |
| 3:57 | Queue | Villager (Male) |
| 4:19 | Queue | Villager (Male) |
| 4:54 | Build | Mining Camp |
| 4:55 | Queue | Villager (Male) |
| 5:17 | Queue | Villager (Male) |
| 5:27 | Queue | Villager (Male) |
| 5:53 | Queue | Villager (Male) |
| 6:22 | Queue | Villager (Male) |
| 6:43 | Research | Loom |
| 6:47 | Build | House |
| 7:07 | Queue | Villager (Male) |
| 7:18 | Queue | Villager (Male) |
| 7:41 | Queue | Villager (Male) |
| 8:06 | Build | Farm |
| 8:22 | Queue | Villager (Male) |
| 8:37 | Build | House |
| 8:43 | Research | Feudal Age |
| 8:55 | Build | Farm |
| 8:58 | Build | Farm |
| 9:04 | Queue | Villager (Male) |
| 9:04 | Queue | Villager (Male) |
| 9:07 | Build | Mining Camp |
| 11:03 | Age | Feudal Age |
| 11:08 | Build | Market |
| 11:11 | Build | Blacksmith |
| 11:45 | Research | Castle Age |
| 11:59 | Build | House |
| 12:20 | Research | Double-Bit Axe |
| 13:30 | Queue | Villager (Male) |
| 13:40 | Queue | Villager (Male) |
| 14:30 | Build | Mill |
| 14:34 | Age | Castle Age |
| 14:53 | Build | Castle |
| 15:12 | Build | Castle |
| 15:13 | Build | Palisade Wall |
| 15:16 | Build | Palisade Gate |
| 15:35 | Queue | Villager (Male) |
| 16:04 | Build | Castle |
| 16:08 | Queue | Villager (Male) |
| 16:13 | Build | Palisade Wall |
| 16:18 | Queue | Villager (Male) |
| 16:30 | Build | Palisade Wall |
| 16:37 | Build | Palisade Gate |
| 16:40 | Build | Palisade Gate |
| 16:46 | Queue | Villager (Male) |
| 17:07 | Queue | Villager (Male) |
| 17:30 | Research | Horse Collar |
| 17:31 | Queue | Villager (Male) |
| 17:34 | Queue | Conquistador |
| 17:35 | Queue | Conquistador |
| 17:53 | Build | Lumber Camp |
| 17:56 | Queue | Villager (Male) |
| 18:02 | Build | Farm |
| 18:04 | Build | Farm |
| 18:06 | Build | Farm |
| 18:12 | Queue | Conquistador |
| 18:52 | Queue | Villager (Male) |
| 18:56 | Build | Siege Workshop |
| 19:08 | Queue | Villager (Male) |
| 19:11 | Build | Farm |
| 19:25 | Queue | Villager (Male) |
| 19:53 | Queue | Villager (Male) |
| 20:22 | Queue | Mangonel |
| 20:23 | Queue | Villager (Male) |
| 20:30 | Build | Monastery |
| 20:34 | Build | House |
| 20:41 | Build | House |
| 20:49 | Queue | Villager (Male) |
| 20:54 | Queue | Villager (Male) |
| 21:32 | Build | House |
| 21:33 | Build | House |
| 21:34 | Build | House |
| 21:35 | Queue | Villager (Male) |
| 21:43 | Queue | Missionary |
| 21:45 | Queue | Villager (Male) |
| 21:49 | Build | Town Center |
| 22:14 | Queue | Villager (Male) |
| 22:19 | Build | Farm |
| 22:20 | Build | Farm |
| 22:21 | Build | Farm |
| 22:26 | Build | Farm |
| 22:40 | Queue | Villager (Male) |
| 22:51 | Build | House |
| 22:52 | Build | House |
| 23:09 | Queue | Villager (Male) |
| 23:09 | Queue | Villager (Male) |
| 23:12 | Queue | Missionary |
| 23:19 | Queue | Villager (Male) |
| 23:27 | Build | Farm |
| 23:28 | Build | Farm |
| 23:32 | Build | Farm |
| 23:34 | Build | Farm |
| 23:37 | Queue | Villager (Male) |
| 23:37 | Queue | Villager (Male) |
| 23:45 | Build | House |
| 23:47 | Build | House |
| 23:53 | Queue | Villager (Male) |
| 24:06 | Queue | Villager (Male) |
| 24:26 | Build | Mining Camp |
| 24:28 | Queue | Villager (Male) |
| 24:38 | Build | Barracks |
| 24:39 | Queue | Villager (Male) |
| 25:02 | Queue | Villager (Male) |
| 25:02 | Queue | Villager (Male) |
| 25:18 | Queue | Villager (Male) |
| 25:21 | Build | Farm |
| 25:23 | Build | Farm |
| 25:27 | Build | Farm |
| 25:33 | Build | Farm |
| 25:34 | Build | Farm |
| 25:41 | Build | Farm |
| 25:42 | Queue | Villager (Male) |
| 25:59 | Build | Archery Range |
| 26:04 | Build | Stable |
| 26:07 | Queue | Villager (Male) |
| 26:10 | Queue | Villager (Male) |
| 26:18 | Queue | Villager (Male) |
| 26:29 | Queue | Villager (Male) |
| 26:40 | Build | Stable |
| 26:45 | Queue | Villager (Male) |
| 26:55 | Queue | Villager (Male) |
| 27:08 | Research | Imperial Age |
| 27:09 | Queue | Villager (Male) |
| 27:14 | Build | Town Center |
| 27:23 | Build | Archery Range |
| 27:25 | Queue | Conquistador |
| 27:30 | Queue | Missionary |
| 27:38 | Queue | Villager (Male) |
| 27:50 | Research | Wheelbarrow |
| 28:00 | Build | Farm |
| 28:01 | Build | Farm |
| 28:02 | Build | Farm |
| 28:04 | Build | Farm |
| 28:14 | Queue | Villager (Male) |
| 28:15 | Queue | Villager (Male) |
| 28:33 | Queue | Conquistador |
| 28:39 | Queue | Conquistador |
| 28:51 | Build | Farm |
Match timeline
| 9:28 | Henry The Lucky! · first_building Barracks |
| 11:03 | Noob · age_up feudal |
| 13:10 | Henry The Lucky! · age_up feudal |
| 13:45 | Henry The Lucky! · first_building Archery Range |
| 14:34 | Noob · age_up castle |
| 14:53 | Noob · first_building Castle |
| 15:13 | Noob · wall_segment Palisade Wall x1 |
| 16:13 | Noob · wall_segment Palisade Wall x1 |
| 16:30 | Noob · wall_segment Palisade Wall x1 |
| 17:41 | Henry The Lucky! · age_up castle |
| 18:26 | Henry The Lucky! · wall_segment Palisade Wall x3 |
| 18:56 | Noob · first_building Siege Workshop |
| 19:51 | Noob · first_market_sell 100 wood |
| 20:30 | Noob · first_building Monastery |
| 24:38 | Noob · first_building Barracks |
| 25:59 | Noob · first_building Archery Range |
| 26:04 | Noob · first_building Stable |
| 26:32 | Noob · first_market_buy 100 food |
| 28:17 | Henry The Lucky! · first_building Monastery |
| 30:18 | Noob · age_up imperial |
| 31:30 | Henry The Lucky! · first_building Siege Workshop |
| 32:29 | Noob · wall_segment Stone Wall x1 |
| 32:30 | Noob · wall_segment Stone Wall x1 |
| 33:37 | Henry The Lucky! · age_up imperial |
| 38:20 | Henry The Lucky! · first_building Castle |
| 43:34 | Henry The Lucky! · wall_segment Palisade Wall x4 |
| 46:46 | Henry The Lucky! · first_market_sell 100 wood |
| 46:47 | Henry The Lucky! · first_market_buy 100 food |
| 55:55 | Henry The Lucky! · resign |
[ AI ANALYSIS · 1 CREDIT ]
What really happened in this match?
Wolo.gg analyzes every decision: build order, eco, micro, common mistakes by bracket. Personalized analysis on WhatsApp or Discord in 30 seconds.
Civ guide
Incas
Perfil
Jugador #4211681